 Dungeon Crawl Stone Soup version 0.18.1-50-g88ac8fd (webtiles) character file.

164 Gorglomux the Shooter (level 5, -11/46 HPs)
             Began as a Centaur Hunter on Oct 29, 2016.
             Was an Initiate of Okawaru.
             Shot with an arrow by a centaur (14 damage)
             ... on level 3 of the Dungeon.
             The game lasted 00:08:43 (2420 turns).

Gorglomux the Shooter (Centaur Hunter)              Turns: 2420, Time: 00:08:44

Health: -11/46     AC:  8    Str: 15    XL:     5   Next: 21%
Magic:  5/5        EV:  9    Int: 13    God:    Okawaru [......]
Gold:   93         SH:  0    Dex: 10    Spells: 0 memorised, 4 levels left

rFire  . . .     SeeInvis .     a - +1 shortbow
rCold  . . .     Gourm    .     c - +0 leather armour
rNeg   . . .     Faith    .     (shield currently unavailable)
rPois  .         Spirit   .     e - +0 helmet {Int+3}
rElec  .         Dismiss  .     (no cloak)
rCorr  .         Reflect  .     (no gloves)
SustAt .         Harm     .     (no barding)
MR     .....                    (no amulet)
Stlth  +.........               (no ring)
                                i - +3 ring of protection

@: very quick, not resistant to hostile enchantments, very unstealthy
A: hooves 3, deformed body, speed 2, tough skin 3
a: Renounce Religion


You were on level 3 of the Dungeon.
You worshipped Okawaru.
Okawaru was noncommittal.
You were not hungry.

You visited 1 branch of the dungeon, and saw 3 of its levels.

You collected 93 gold pieces.

Inventory:

Hand Weapons
 a - a +1 shortbow (weapon)
 b - a +0 short sword
 v - a +0 short sword of speed
Missiles
 d - 21 arrows (quivered)
Armour
 c - a +0 leather armour (worn)
 e - a +0 helmet of intelligence (worn)
Jewellery
 i - a +3 ring of protection (left hand)
Wands
 r - a wand of flame (21/48)
Scrolls
 h - 2 scrolls of remove curse
 k - a scroll of immolation {unknown}
 l - a scroll of recharging {unknown}
 p - a scroll of identify
Potions
 g - 2 potions of cure mutation {unknown}
 q - 2 potions of heal wounds {unknown}
 t - a potion of brilliance {unknown}
 u - 2 potions of curing {unknown}
Comestibles
 f - a bread ration
 j - a slice of pizza
 m - a meat ration
 n - 2 beef jerkies
 o - a royal jelly
 s - 3 fruits


   Skills:
 + Level 3.7 Fighting
 * Level 7.5 Bows
 - Level 1.3 Dodging
 - Level 0.5 Stealth


You had 4 spell levels left.
You didn't know any spells.

Dungeon Overview and Level Annotations

Branches:
Dungeon (3/15)

Altars:
Nemelex Xobeh
Okawaru
The Shining One

Annotations:
D:3 Franakus's ghost, amateur DECj


Innate Abilities, Weirdness & Mutations

You have hooves in place of feet.
Armour fits poorly on your strangely shaped body.
You cover ground very quickly.
You have extremely tough skin (AC +3).


Message History

Franakus's ghost gestures at you while chanting.
The magic dart hits you!
The centaur shoots an arrow.
The arrow hits you.
You see here 3 arrows.
Franakus's ghost gestures at you while chanting.
The magic dart hits you!
* * * LOW HITPOINT WARNING * * *
The centaur shoots an arrow.
The arrow misses you.
The centaur shoots an arrow.
The arrow hits you.
* * * LOW HITPOINT WARNING * * *
You see here an arrow.
The centaur shoots an arrow.
The arrow hits you!
* * * LOW HITPOINT WARNING * * *
You see here 2 arrows.
d - 21 arrows (gained 1)
There is an open door here.
You close the door.
A centaur opens the door.
You open the door.
The centaur shoots an arrow.
The arrow hits you!
You die...

#.(...###c#(.....
#.....###(#..####
#......##.#....
#......##.#.#### #.#c##..#.#
####.#'###.#.# #.(......#.#(#
#........#.((# .
#.....@..##(.# ...
##############.#'####).#...<.
.............#.#.#.(..........
############.#.#.#)##.>_......
#.#.#.#.#####...... #.#.#.#)#
...... #.#.#.#.# .[....
#.#.#.#.# ##### #.#.#.#.#


You could see a centaur.

Vanquished Creatures
  4 gnolls (D:3)
  5 adders
  2 oozes (D:2)
  A worm (D:2)
  2 dart slugs (D:2)
  2 giant geckos
  2 orcs (D:2)
  7 goblins
  8 hobgoblins
  8 jackals (D:2)
  A ball python (D:1)
  4 bats
  A giant newt (D:1)
  7 kobolds
  6 rats
60 creatures vanquished.

Notes
Turn   | Place    | Note
--------------------------------------------------------------
     0 | D:1      | Gorglomux the Centaur Hunter began the quest for the Orb.
     0 | D:1      | Reached XP level 1. HP: 17/17 MP: 1/1
   349 | D:1      | Reached XP level 2. HP: 19/24 MP: 2/2
   615 | D:1      | Reached skill level 6 in Bows
  1219 | D:2      | HP: 1/25 [adder (2)]
  1220 | D:2      | Reached XP level 3. HP: 1/30 MP: 3/3
  1454 | D:2      | Found a glowing golden altar of the Shining One.
  1671 | D:2      | Found a sparkling altar of Nemelex Xobeh.
  1728 | D:2      | Reached XP level 4. HP: 31/37 MP: 4/4
  1733 | D:2      | Found an iron altar of Okawaru.
  1766 | D:2      | Became a worshipper of Warmaster Okawaru
  1804 | D:2      | Reached skill level 7 in Bows
  2067 | D:2      | Found a sparkling altar of Nemelex Xobeh.
  2275 | D:3      | Noticed Franakus's ghost (amateur DECj)
  2310 | D:3      | Found a sparkling altar of Nemelex Xobeh.
  2326 | D:3      | Reached XP level 5. HP: 45/45 MP: 5/5
  2366 | D:3      | Noticed a centaur
  2407 | D:3      | HP: 2/46 [centaur/arrow (8)]
  2420 | D:3      | Shot with an arrow by a centaur

Skill      XL: |  1  2  3  4 |
---------------+-------------+-----
Bows           | 6 7 |  7.5
Fighting       | 3 |  3.7
Dodging        | |  1.3
Stealth        | |  0.5

Action                   |  1- 3 |  4- 6 || total
-------------------------+-------+-------++-------
Melee: Short sword       |   204 |    69 ||   273
       Kick              |    27 |    15 ||    42
 Fire: Shortbow          |    40 |    30 ||    70
  Use: Scroll            |     5 |       ||     5
  Eat: Chunk             |     2 |     2 ||     4
Armor: Leather armour    |   148 |    51 ||   199
Dodge: Dodged            |   113 |    53 ||   166
